 Dungeon Crawl Stone Soup version 0.29.1-13-g9f3cf754e1 (webtiles) character file.

Game seed: 2728908014440614052

374 Peloso the Covered (level 6, -3/56 HPs)
             Began as a Minotaur Fighter on Jan 21, 2023.
             Slain by Ijyb
             ... wielding a +0 club
              (4 damage)
             ... on level 4 of the Dungeon.
             The game lasted 00:07:58 (4049 turns).

Peloso the Covered (Minotaur Fighter)               Turns: 4049, Time: 00:07:58

Health: -3/56      AC:  9    Str: 21    XL:     6   Next: 43%
Magic:  5/5        EV:  7    Int:  5    God:
Gold:   230        SH:  5    Dex: 11    Spells: 5/5 levels left

rFire   . . .      SeeInvis .   a - +0 long sword
rCold   . . .      Faith    .   d - +0 buckler
rNeg    . . .      Spirit   .   c - +0 chain mail {Will+}
rPois   .          Reflect  .   (helmet restricted)
rElec   .          Harm     .   (no cloak)
rCorr   .          Rampage  .   (no gloves)
Will    +....                   (no boots)
Stlth   ..........              (no amulet)
HPRegen 0.18/turn               (no ring)
MPRegen 0.09/turn               (no ring)

@: no status effects
A: horns 2, retaliatory headbutt
a: no special abilities


You were on level 4 of the Dungeon.
You visited 1 branch of the dungeon, and saw 4 of its levels.

You collected 230 gold pieces.

Inventory:

Hand Weapons
 a - a +0 long sword (weapon)
Missiles
 k - a throwing net (quivered)
Armour
 b - a +0 scale mail
 c - a +0 chain mail of willpower (worn)
 d - a +0 buckler (worn)
Jewellery
 h - a ring of wizardry
Wands
 q - a wand of paralysis (8)
Scrolls
 l - a scroll of enchant armour {unknown}
 m - 2 scrolls of noise {unknown}
 o - a scroll of fog {unknown}
 p - a scroll of acquirement {unknown}
 r - a scroll of blinking {unknown}
 s - 2 scrolls of teleportation {unknown}
Potions
 e - a potion of ambrosia {unknown}
 f - a potion of heal wounds
 g - a potion of magic
 i - a potion of might
 j - a potion of curing
 n - a potion of lignification {unknown}


   Skills:
 + Level 5.1 Fighting
 + Level 4.9 Long Blades
 + Level 5.4 Armour
 + Level 1.2 Dodging
 + Level 0.6 Stealth
 + Level 4.7 Shields


You had 5 spell levels left.
You didn't know any spells.
Your spell library contained the following spells:

 Spells                   Type           Power      Damage    Failure   Level
 Dispersal                Tloc           0%         N/A       100%        6
 Disjunction              Tloc           0%         N/A       100%        8


Dungeon Overview and Level Annotations

Branches:
Dungeon (4/15)
 Temple: D:4-7

Altars:
Zin

Shops:
D:1 (   D:2 (

Annotations:
D:4 Ijyb


Innate Abilities, Weirdness & Mutations

You have a pair of horns on your head.
You reflexively headbutt those who attack you in melee.


Message History

Ijyb hits you but does no damage. The kobold hits you but does no damage.
The black bear bites you. The black bear claws you.
The black bear claws you but does no damage.
You can move again.
You barely miss Ijyb.
Ijyb is severely wounded.
Ijyb screams, "Die!"
Ijyb hits you with a +0 club. The kobold hits you with a +0 falchion.
You block the black bear's attack. The black bear barely misses you.
The black bear claws you but does no damage.
The black bear bites you but does no damage.
The black bear barely misses you.
The black bear claws you but does no damage.
Ijyb hits you but does no damage. The kobold barely misses you.
You hit Ijyb but do no damage.
Ijyb is severely wounded.
The black bear barely misses you.
The black bear claws you but does no damage. x2
Ijyb hits you with a +0 club. The kobold completely misses you.
Unknown command.
You hit Ijyb. You headbutt Ijyb, but do no damage.
Ijyb is almost dead.
Ijyb hits you with a +0 club.
* * * LOW HITPOINT WARNING * * *
The black bear bites you but does no damage.
The black bear claws you but does no damage.
The black bear barely misses you. The kobold hits you with a +0 falchion.
* * * LOW HITPOINT WARNING * * *
You hit Ijyb but do no damage.
Ijyb is almost dead.
Ijyb hits you with a +0 club.
* * * LOW HITPOINT WARNING * * *
The kobold barely misses you. The black bear bites you.
* * * LOW HITPOINT WARNING * * *
You block the black bear's attack.
The black bear claws you but does no damage.
You hit Ijyb. Your headbutt misses Ijyb.
Ijyb is almost dead.
Ijyb hits you with a +0 club.
You die...

#.## ......# #..##
..#.... ##..## #.#...#
##..# #..... # ## ##.##
#..#.# .###. .#
#..####..#.###.....
.######.#...............
.................K......
.....#######....@g...#
.(..## ###...h.### ....#
##...## )...# .......
....# ##...##.. ....##
.....# # ..†..#######
....... ..).........
........ ....<...)#.


You could see a black bear, Ijyb and a kobold.

Vanquished Creatures
  A steam dragon (D:4)
  A gnoll bouda (D:3)
  Jessica (D:3)
  5 gnolls (D:3)
  4 adders
  3 worms
  2 dart slugs (D:3)
  10 orcs
  6 ball pythons
  11 bats
  9 endoplasms
  A giant cockroach (D:2)
  9 goblins
  8 hobgoblins
  7 jackals
  3 kobolds
  3 frilled lizards
  5 rats
89 creatures vanquished.

Vanquished Creatures (others)
  A kobold (D:4)
1 creature vanquished.

Grand Total: 90 creatures vanquished

Notes
Turn   | Place    | Note
-------+----------+-------------------------------------------
     0 | D:1      | Peloso the Minotaur Fighter began the quest for the Orb.
     0 | D:1      | Reached XP level 1. HP: 19/19 MP: 0/0
    21 | D:1      | Found Hypp's Weapon Emporium.
   243 | D:1      | Reached XP level 2. HP: 25/27 MP: 1/1
   685 | D:1      | Found a faded altar of an unknown god.
  1256 | D:2      | Reached XP level 3. HP: 33/33 MP: 2/2
  1850 | D:2      | Found Cytief's Antique Weapon Boutique.
  1943 | D:2      | Found a glowing silver altar of Zin.
  1960 | D:2      | Reached XP level 4. HP: 41/41 MP: 3/3
  2641 | D:3      | Noticed Jessica
  2649 | D:3      | Killed Jessica
  2878 | D:3      | Reached XP level 5. HP: 47/47 MP: 4/4
  2892 | D:3      | Reached skill level 1 in Dodging
  3138 | D:4      | Noticed a steam dragon
  3374 | D:3      | Reached skill level 5 in Armour
  3918 | D:4      | Killed a steam dragon
  3919 | D:4      | Reached skill level 5 in Fighting
  3919 | D:4      | Reached XP level 6. HP: 56/56 MP: 5/5
  4030 | D:4      | Noticed Ijyb
  4041 | D:4      | Paralysed by Ijyb for 4 turns
  4048 | D:4      | HP: 1/56 [black bear (6)]
  4049 | D:4      | Slain by Ijyb

Illustrated notes

Levels and vault maps discovered:
D:1:      amcnicky_arrival_flooded_fountain, layout_basic, serial_shops, shop,
          nicolae_ecumenical_lake_church
D:2:      layout_loops_ring, serial_shops, shop, basic_altar,
          kennysheep_cross_room, minmay_vboxes
D:3:      layout_basic, chequers_serial_rivers_micro_d,
          minmay_misc_feat_encased, minivault_11, uniq_jessica
D:4:      layout_rooms, nicolae_qazlal_style_of_elements,
          minmay_fire_ice_demons, uniq_ijyb

Skill      XL: |  1  2  3  4  5 |
---------------+----------------+-----
Shields        | 4 |  4.7
Fighting       | 4 5 |  5.1
Armour         | 4 5 |  5.4
Long Blades    | 3 4 |  4.9
Dodging        | 1 |  1.2
Stealth        | |  0.6

Action                   |  1- 3 |  4- 6 || total
-------------------------+-------+-------++-------
Melee: Long sword        |   101 |   133 ||   234
       Headbutt          |    15 |    19 ||    34
  Use: Potion            |     3 |       ||     3
       Scroll            |     2 |     4 ||     6
Armor: Scale mail        |    61 |     8 ||    69
       Chain mail        |       |    83 ||    83
Dodge: Dodged            |    54 |    64 ||   118
Block: Buckler           |    38 |    41 ||    79
